 Dungeon Crawl Stone Soup version 0.27.0-1-g7a089689b8 (webtiles) character file.

Game seed: 12613707630621817326

121186 mainiacjoe the Spry (level 16, 0/95 HPs)
             Began as a Spriggan Fire Elementalist on Aug 10, 2021.
             Was an Elder of Ashenzari.
             Killed from afar by a naga mage (11 damage)
             ... with a bolt of poison
             ... on level 1 of the Snake Pit on Aug 11, 2021.
             The game lasted 03:04:55 (45597 turns).

mainiacjoe the Spry (Spriggan Fire Elementalist)   Turns: 45597, Time: 03:04:57

Health: 0/95       AC: 10    Str:  9    XL:     16   Next: 31%
Magic:  21/32      EV: 33    Int: 29    God:    Ashenzari [****..]
Gold:   419        SH:  8    Dex: 20    Spells: 6/37 levels left

rFire    + . .     SeeInvis +   a - +12 dagger "Repose of Ashenzari" {freeze, Int+4, Bglg, Evo} (curse)
rCold    + . .     Faith    .   k - +0 buckler "Shattered Doubts" {Self, Fort} (curse)
rNeg     + . .     Spirit   .   o - +4 troll leather armour {Snorg}
rPois    .         Reflect  .   R - +2 hat of the Enlightened Loss {SInv, Cun, Alch} (curse)
rElec    +         Harm     .   Z - scarf {rC+ rF+}
rCorr    .         Rampage  .   (gloves unavailable)
Will     +++..     Clarity  +   (boots unavailable)
Stlth    +++++++...             b - amulet of Xanniptal {RegenMP Str+5 Dex+4}
HPRegen  1.25/turn              d - ring of Ashenzari's Chagrin {Wiz Fly rN+ Slay+4, Bglg, Cun} (curse)
MPRegen  0.48/turn              V - ring "Sidereal Portent" {rElec Will+ Int+2 Slay+3, Self, Evo} (curse)

@: lethally poisoned (0 -> -7), flying, very quick
A: very small, no large weapons, unfitting armour, see invisible, speed 3
a: Renounce Religion, Curse Item, Shatter the Chains


You were on level 1 of the Snake Pit.
You worshipped Ashenzari.
Ashenzari was greatly pleased with you.
You visited 5 branches of the dungeon, and saw 25 of its levels.
You also visited: Ossuary.

You collected 2646 gold pieces.
You spent 2227 gold pieces at shops.

Inventory:

Hand Weapons
 a - the cursed +12 dagger "Repose of Ashenzari" (weapon) {freeze, Int+4, Bglg, Evo}
   (You found it on level 1 of the Orcish Mines)

   It freezes those it strikes, dealing additional cold damage.
   It can also slow down cold-blooded creatures.
   Int:       It affects your intelligence (+4).
   It has a curse which improves the following skills: Beguiling: Conjurations,
   Hexes and Translocations.
   Evocations: Evocations.
 w - a +0 rapier
Missiles
 e - 640 stones
 l - 49 sling bullets
 n - 5 atropa-tipped darts {=F}
 v - 33 poisoned darts (quivered)
 y - 2 datura-tipped darts {=F}
 E - 24 boomerangs
 H - 4 curare-tipped darts {=F}
 N - a throwing net {=F}
Armour
 k - the cursed +0 buckler "Shattered Doubts" (worn) {Self, Fort}
   (You found it on level 13 of the Dungeon)

   It has a curse which improves the following skills: Introspection: Fighting
   and Spellcasting.
   Fortitude: Armour and Shields.
 o - a +4 troll leather armour (worn) {Snorg}
 R - the cursed +2 hat of the Enlightened Loss (worn) {SInv, Cun, Alch}
   (You took it off Gastronok on level 2 of the Lair of Beasts)

   It has a curse which improves the following skills: Cunning: Dodging and
   Stealth.
   Alchemy:   Poison Magic and Transmutations.
 Z - a scarf of resistance (worn)
Jewellery
 b - the amulet of Xanniptal (around neck) {RegenMP Str+5 Dex+4}
   (You bought it in a shop on level 2 of the Orcish Mines)

   [amulet of magic regeneration]

   It increases your rate of magic regeneration.
   Str:       It affects your strength (+5).
   Dex:       It affects your dexterity (+4).
 d - the cursed ring of Ashenzari's Chagrin (left hand) {Wiz Fly rN+ Slay+4, Bglg, Cun}
   (You bought it in a shop on level 2 of the Orcish Mines)

   [ring of wizardry]

   It improves your spell success rate.
   Slay:      It affects your accuracy & damage with ranged weapons and melee
   (+4).
   rN:        It protects you from negative energy.
   Fly:       It grants you flight.
   It has a curse which improves the following skills: Beguiling: Conjurations,
   Hexes and Translocations.
   Cunning:   Dodging and Stealth.
 V - the cursed ring "Sidereal Portent" (right hand) {rElec Will+ Int+2 Slay+3, Self, Evo}
   (You acquired it on level 1 of the Dungeon)

   [ring of willpower]

   Int:       It affects your intelligence (+2).
   Slay:      It affects your accuracy & damage with ranged weapons and melee
   (+3).
   rElec:     It insulates you from electricity.
   Will:      It increases your willpower.
   It has a curse which improves the following skills: Introspection: Fighting
   and Spellcasting.
   Evocations: Evocations.
Wands
 c - a wand of charming (20)
 j - a wand of polymorph (41)
 B - a wand of flame (32)
 G - a wand of iceblast (18)
 J - a wand of paralysis (1)
 K - a wand of acid (8)
 O - a wand of mindburst (13)
 Y - a wand of digging (4)
Scrolls
 f - a scroll of fear
 g - 3 scrolls of magic mapping
 h - 7 scrolls of fog
 i - 5 scrolls of teleportation
 p - a scroll of holy word
 q - a scroll of summoning
 t - 2 scrolls of immolation
 D - 3 scrolls of blinking
 T - 3 scrolls of vulnerability
Potions
 m - 5 potions of brilliance
 r - 2 potions of might
 s - 2 potions of invisibility
 u - 4 potions of heal wounds
 x - 12 potions of curing
 z - 4 potions of haste
 A - 2 potions of magic
 P - 2 potions of attraction
 W - 2 potions of ambrosia
Miscellaneous
 C - a box of beasts
 S - a lightning rod (4/4)


   Skills:
 - Level 12.0(15.1) Fighting
 - Level 10.0 Short Blades
 - Level 3.0(5.0) Armour
 - Level 17.1(20.0) Dodging
 - Level 15.7(18.6) Stealth
 - Level 5.0(7.2) Shields
 - Level 8.0(11.4) Spellcasting
 - Level 6.6(10.1) Conjurations
 - Level 5.6(9.1) Hexes
 + Level 6.2(8.5) Transmutations
 - Level 8.0 Fire Magic
 - Level 8.2(11.6) Evocations


You had 6 spell levels left.
You knew the following spells:

 Your Spells              Type           Power      Damage    Failure   Level
a - Foxfire               Conj/Fire      100%       2x1d9     1%          1
b - Inner Flame           Hex/Fire       60%        N/A       1%          3
c - Dazzling Flash        Conj/Hex       100%       N/A       1%          3
d - Sticky Flame          Conj/Fire      62%        2d8       1%          4
e - Confusing Touch       Hex            62%        N/A       1%          3
f - Iskenderun's Mystic   Conj/Tloc      47%        2d10      1%          4
g - Gell's Gravitas       Tloc           9%         N/A       4%          3
s - Silence               Hex/Air        21%        N/A       8%          5
z - Fireball              Conj/Fire      31%        3d13      1%          5

Your spell library contained the following spells:

 Spells                   Type           Power      Damage    Failure   Level
 Shock                    Conj/Air       100%       1d9       1%          1
 Slow                     Hex            62%        N/A       1%          2
 Conjure Flame            Conj/Fire      62%        6-21      1%          3
 Portal Projectile        Hex/Tloc       88%        N/A       1%          3
 Fulminant Prism          Conj/Hex       32%        3d16      1%          4
 Hailstorm                Conj/Ice       46%        3d11      2%          4
 Leda's Liquefaction      Hex/Erth       21%        N/A       2%          4
 Ice Form                 Ice/Tmut       41%        N/A       3%          4
 Lesser Beckoning         Tloc           9%         N/A       4%          3
 Teleport Other           Tloc           19%        N/A       4%          3
 Call Canine Familiar     Summ           16%        N/A       5%          3
 Ozocubu's Armour         Ice            16%        N/A       5%          3
 Swiftness                Air            16%        N/A       5%          3
 Vampiric Draining        Necr           8%         2d7       5%          3
 Lightning Bolt           Conj/Air       23%        1d38      6%          5
 Metabolic Englaciation   Hex/Ice        21%        N/A       8%          5
 Summon Mana Viper        Hex/Summ       43%        N/A       8%          5
 Airstrike                Air            8%         N/A       16%         4
 Animate Dead             Necr           8%         N/A       16%         4
 Summon Ice Beast         Ice/Summ       16%        N/A       16%         4
 Summon Lightning Spire   Summ/Air       16%        N/A       16%         4
 Agony                    Necr           16%        N/A       41%         5
 Borgnjor's Vile Clutch   Necr/Erth      8%         N/A       41%         5
 Lee's Rapid Deconstruct  Erth           8%         3d8*      41%         5
 Dispersal                Tloc           9%         N/A       88%         6
 Death Channel            Necr           8%         N/A       92%         6
 Simulacrum               Ice/Necr       8%         N/A       92%         6
 Monstrous Menagerie      Summ           8%         N/A       100%        7
 Disjunction              Tloc           9%         N/A       100%        8


Dungeon Overview and Level Annotations

Branches:
Dungeon (15/15)            Temple (1/1) D:4            Lair (6/6) D:9
 Shoals (0/4) Lair:3        Snake (1/4) Lair:4        Slime (0/5) Lair:5
    Orc (2/2) D:12            Elf (0/3) Orc:2        Vaults (0/5) D:13
 Depths (0/5) D:15        Ossuary (visited)

Altars:
Ashenzari
Cheibriados
Elyvilon
Fedhas
Gozag
Kikubaaqudgha
Makhleb
Nemelex Xobeh
Okawaru
Qazlal
Ru
Sif Muna
Trog
Uskayaw
Vehumet
Wu Jian
Xom
Yredelemnul
Zin
The Shining One
Jiyva

Shops:
D:1 ?   D:5 ?   D:6 (   Orc:2 =((!

Annotations:
D:6 exclusion: upstairs
D:9 exclusion: obsidian statue
Lair:2 3 runed translucent doors, ZombieSheep's ghost, journeyman FoAK
Lair:4 1 runed translucent door, exclusion: door, HunfridMar's ghost, journeyman DECj
Snake:1 Aizul


Innate Abilities, Weirdness & Mutations

You are very small and have problems with some larger weapons.
You are too small for most types of armour.
You have supernaturally acute eyesight. (SInv)
You cover ground extremely quickly. (Speed+++)


Message History

You are more poisoned.
* * * LOW HITPOINT WARNING * * *
The naga mage spits poison at you. The splash of poison misses you.
You feel better.
Aizul burns!
Aizul coils herself and waves her upper body at you.
The bolt of poison hits you!
You are poisoned.
* * * LOW HITPOINT WARNING * * *
The naga spits poison at you. The splash of poison misses you.
You feel very sick.
Aizul burns!
You feel sick. The naga spits poison at you. The splash of poison misses you.
You feel sick.
Aizul burns!
Aizul casts a spell at you. You block the poison arrow.
You feel sick.
Aizul burns!
Aizul coils herself and waves her upper body at you.
The bolt of poison misses you.
The naga ritualist prays to its god.
The naga ritualist begins to radiate toxic energy.
* * * LOW HITPOINT WARNING * * *
You are more poisoned.
You feel better.
Aizul burns!
* * * LOW HITPOINT WARNING * * *
You are poisoned.
Aizul casts a spell at you. The bolt of poison hits you!
You are more poisoned.
* * * LOW HITPOINT WARNING * * *
You feel better.
Aizul burns!
* * * LOW HITPOINT WARNING * * *
You are poisoned.
The naga mage gestures at you while chanting.
The bolt of poison hits Aizul!
The bolt of poison hits you!
You are more poisoned.
You die...

..........####........##
..#.......##.....##...###
#.............######...#####
................###.#.######
*................#.........##
.#..............#.....###.##
,........#N......#..<..###.##
..N.......N....)......###.######
,...####..N..S.@......#.........
,,
..,#..........#.....#.........
** #............#.....#.........
......#####.......?....>......
,,##..## ###########.........
**##.* ####......... #,
##......... ** #...).....
#.........


You could see Aizul (burning), a naga ritualist (toxic aura), a naga mage (fast)
and a naga (curare).

Vanquished Creatures
  Rupert (D:14)
  Gastronok (Lair:2)
  Donald (Lair:4)
  A stone giant (Orc:1)
  Snorg (D:13)
  4 ettins
  Harold (D:9)
  A rakshasa (D:15)
  5 naga warriors
  6 boulder beetles
  A catoblepas (Lair:6)
  A vault guard (D:13)
  9 hydras
  2 ogre magi (Orc:2)
  A deep troll shaman (Lair:6)
  11 two-headed ogres
  2 tengu warriors
  7 death yaks (Lair:6)
  2 orc high priests (Orc:2)
  8 skeletal warriors
  Sonja (Lair:3)
  2 wizards (D:15)
  3 deep trolls
  A necromancer (D:15)
  3 lindwurms
  A deep elf zephyrmancer (D:15)
  11 ugly things
  2 deep elf pyromancers (D:15)
  A salamander (Snake:1)
  A manticore (D:12)
  25 cyclopes
  4 naga magi (Snake:1)
  An orc sorcerer (Orc:1)
  11 elephants
  14 black mambas
  Joseph (D:9)
  A gargoyle (D:12)
  16 cane toads
  A torpor snail (shapeshifter) (D:15)
  Maggie (D:9)
  2 unseen horrors
  2 freezing wraiths
  7 komodo dragons
  2 rime drakes
  A tengu conjurer (D:15)
  A troll (shapeshifter) (D:15)
  A meliai (D:15)
  5 polar bears
  14 trolls
  A wolf spider simulacrum (D:13)
  A hornet (D:7)
  7 blink frogs
  A snapping turtle (Lair:3)
  A blink frog (shapeshifter) (D:14)
  9 slime creatures
  11 dream sheep
  3 wyverns
  A wraith (D:11)
  A vampire (D:13)
  20 yaks
  11 humans (D:13)
  2 basilisks
  5 wargs
  4 steam dragons
  6 vampire mosquitoes
  Menkaure (D:6)
  5 nagas (Snake:1)
  22 water moccasins
  A sky beast (D:8)
  A black bear (Lair:6)
  An ice beast (D:5)
  36 ogres
  26 orc warriors
  2 necrophages
  4 boggarts (D:14)
  4 centaurs
  36 wolves
  A phantom (D:6)
  6 kobold brigands
  14 bullfrogs
  A scorpion (D:4)
  A wyvern zombie (D:8)
  17 killer bees
  An electric eel (Lair:3)
  2 howler monkeys (D:8)
  5 centaur zombies
  A bullfrog zombie (D:5)
  2 jellies
  2 human zombies (Ossuary)
  A hound (D:7)
  13 orc priests
  A centaur skeleton (D:4)
  5 gnoll shamans
  Jessica (D:3)
  A scorpion zombie (D:5)
  Terence (D:1)
  2 iguanas (D:5)
  26 orc wizards
  2 hound zombies (D:5)
  2 mummies (Ossuary)
  Robin (D:2)
  20 gnolls
  2 howler monkey zombies (D:9)
  An adder (shapeshifter) (D:15)
  7 adders
  An ufetubus (D:6)
  2 adder zombies (Ossuary)
  A worm (D:2)
  5 dart slugs
  66 orcs
  3 bats
  4 endoplasms
  A giant cockroach (D:1)
  15 goblins
  15 hobgoblins
  8 jackals
  2 quokkas
  6 ball pythons
  2 frilled lizards
  2 goblin zombies (Ossuary)
  8 hobgoblin zombies (Ossuary)
  A jackal skeleton (D:4)
  2 jackal zombies (Ossuary)
  24 kobolds
  7 kobold zombies (Ossuary)
  11 orc zombies (Ossuary)
  4 rats
  A rat zombie (Ossuary)
755 creatures vanquished.

Vanquished Creatures (collateral kills)
  2 foxfires
2 creatures vanquished.

Vanquished Creatures (others)
  A bush (Lair:6)
  711 foxfires
  62 fungi
  78 plants
852 creatures vanquished.

Grand Total: 1609 creatures vanquished

Notes
Turn   | Place    | Note
-------+----------+-------------------------------------------
     0 | D:1      | mainiacjoe the Spriggan Fire Elementalist began the quest
                  | for the Orb.
     0 | D:1      | Reached XP level 1. HP: 9/9 MP: 5/5
   105 | D:1      | Reached skill level 1 in Conjurations
   457 | D:1      | Reached XP level 2. HP: 13/13 MP: 3/6
   656 | D:1      | Found Kevuc's Magic Scroll Boutique.
   668 | D:1      | Bought a scroll of fear for 35 gold pieces
   668 | D:1      | Bought a scroll of identify for 20 gold pieces
   996 | D:1      | Bought a scroll of fog for 20 gold pieces
  1054 | D:2      | Reached XP level 3. HP: 16/16 MP: 0/8
  1058 | D:2      | Learned a level 3 spell: Inner Flame
  1218 | D:2      | Noticed Terence
  1698 | D:1      | Killed Terence
  1699 | D:1      | Reached skill level 1 in Hexes
  1827 | D:2      | Reached XP level 4. HP: 21/21 MP: 6/9
  1886 | D:2      | Noticed Robin
  2050 | D:2      | Reached skill level 5 in Stealth
  2079 | D:2      | Killed Robin
  3010 | D:3      | Found a burning altar of Makhleb.
  3088 | D:3      | Noticed Jessica
  3107 | D:3      | Killed Jessica
  3108 | D:3      | Reached XP level 5. HP: 10/24 MP: 4/10
  3762 | D:3      | Found an opulent altar of Gozag.
  3763 | D:3      | Found a glowing silver altar of Zin.
  3827 | D:4      | Reached skill level 9 in Dodging
  3827 | D:4      | Reached XP level 6. HP: 39/39 MP: 11/11
  3896 | D:4      | Found a staircase to the Ecumenical Temple.
  3947 | D:4      | Reached XP level 7. HP: 43/43 MP: 0/12
  3949 | Temple   | Entered the Ecumenical Temple
  5556 | D:5      | Entered Level 5 of the Dungeon
  5779 | D:5      | Found a sand-covered staircase.
  5787 | Ossuary  | Entered an ossuary
  6011 | Ossuary  | Reached XP level 8. HP: 47/47 MP: 3/13
  6584 | D:5      | Found Qeigeiwn's Magic Scroll Shoppe.
  7209 | D:5      | Bought a scroll of identify for 24 gold pieces
  7209 | D:5      | Bought a scroll of identify for 24 gold pieces
  7209 | D:5      | Bought 2 scrolls of identify for 48 gold pieces
  7209 | D:5      | Bought 2 scrolls of identify for 48 gold pieces
  7209 | D:5      | Bought a scroll of identify for 24 gold pieces
  7209 | D:5      | Bought a scroll of identify for 24 gold pieces
  7348 | D:5      | Found a broken altar of Ashenzari.
  7353 | D:5      | Became a worshipper of Ashenzari the Shackled
  7810 | D:5      | Found a hide-covered altar of Uskayaw.
  7939 | D:5      | Found an ancient bone altar of Kikubaaqudgha.
  7941 | D:5      | Found a shimmering blue altar of Sif Muna.
  8284 | D:6      | Found a sacrificial altar of Ru.
  8366 | D:6      | Noticed Menkaure
  8383 | D:6      | Killed Menkaure
  8384 | D:6      | Reached skill level 10 in Stealth
  8600 | D:6      | Learned a level 3 spell: Dazzling Flash
  8922 | D:6      | Found Kanyprug's Weapon Boutique.
  9339 | D:7      | Found a blossoming altar of Fedhas.
 10190 | D:7      | Reached skill level 5 in Hexes
 10190 | D:7      | Reached XP level 9. HP: 52/52 MP: 7/14
 10246 | D:7      | Reached * piety under Ashenzari
 11390 | D:7      | Reached skill level 5 in Short Blades
 13395 | D:8      | Reached XP level 10. HP: 54/58 MP: 12/16
 14489 | D:9      | Noticed Maggie
 14492 | D:9      | Killed Maggie
 14577 | D:9      | Noticed a two-headed ogre
 14616 | D:9      | Killed a two-headed ogre
 14834 | D:9      | Noticed an obsidian statue
 14981 | D:9      | Found a staircase to the Lair.
 15021 | D:9      | Noticed Harold
 15188 | D:9      | Reached skill level 10 in Dodging
 15424 | D:9      | Noticed Joseph
 15428 | D:9      | Killed Joseph
 16201 | D:9      | Killed Harold
 16250 | D:10     | Entered Level 10 of the Dungeon
 16256 | D:10     | Learned a level 4 spell: Sticky Flame
 16422 | D:10     | Noticed a skeletal warrior
 16422 | D:10     | Noticed a skeletal warrior
 16544 | D:10     | Noticed a two-headed ogre
 16568 | D:10     | Killed a two-headed ogre
 16569 | D:10     | Reached XP level 11. HP: 63/63 MP: 9/17
 17595 | Lair:1   | Entered Level 1 of the Lair of Beasts
 18409 | D:5      | Bought a scroll of enchant armour for 90 gold pieces
 18496 | D:1      | Bought a scroll of enchant armour for 75 gold pieces
 18862 | Lair:1   | Reached skill level 5 in Fire Magic
 19094 | Lair:1   | Noticed a four-headed hydra
 19271 | Lair:1   | Killed a four-headed hydra
 19272 | Lair:1   | Reached skill level 5 in Conjurations
 20535 | Lair:2   | Noticed a minotaur
 20544 | Lair:2   | Noticed ZombieSheep's ghost (journeyman FoAK)
 20561 | Lair:2   | Noticed Gastronok
 20578 | Lair:2   | Found a runed translucent gate.
 20578 | Lair:2   | Found a runed translucent gate.
 20578 | Lair:2   | Found a runed translucent gate.
 20883 | Lair:2   | Noticed a seven-headed hydra
 20919 | Lair:2   | Killed a seven-headed hydra
 20920 | Lair:2   | Reached XP level 12. HP: 45/66 MP: 5/17
 20926 | Lair:2   | Learned a level 5 spell: Fireball
 21165 | Lair:2   | Noticed a six-headed hydra
 21190 | Lair:2   | Killed a six-headed hydra
 21312 | Lair:2   | Reached skill level 5 in Spellcasting
 21599 | Lair:2   | Noticed a seven-headed hydra
 21763 | Lair:2   | Killed Gastronok
 22844 | Lair:3   | Noticed a five-headed hydra
 22866 | Lair:3   | Killed a five-headed hydra
 23056 | Lair:3   | Found a staircase to the Shoals.
 23542 | Lair:3   | Reached ** piety under Ashenzari
 23696 | Lair:3   | Noticed Sonja
 23703 | Lair:3   | Killed Sonja
 24116 | Lair:4   | Reached skill level 1 in Evocations
 24959 | Lair:4   | Reached XP level 13. HP: 72/72 MP: 8/27
 24961 | Lair:4   | Reached skill level 5 in Evocations
 25153 | Lair:4   | Found a staircase to the Snake Pit.
 25488 | Lair:4   | Reached skill level 11 in Dodging
 26258 | Lair:4   | Found a runed translucent door.
 26260 | Lair:4   | Reached *** piety under Ashenzari
 26284 | Lair:4   | Noticed HunfridMar's ghost (journeyman DECj)
 26294 | Lair:4   | Identified the +3 spear of the Land of Plenty {spect, rN+
                  | Str+4 Int-4}
 26990 | Lair:5   | Reached **** piety under Ashenzari
 27145 | Lair:5   | Found a viscous altar of Jiyva.
 27145 | Lair:5   | Found a staircase to the Slime Pits.
 27238 | Lair:5   | Reached skill level 12 in Dodging
 27653 | D:1      | Bought a scroll of acquirement for 520 gold pieces
 27653 | D:1      | Acquired the ring "Hyod" {rElec Will+ Int+2 Slay+3}
 27959 | Lair:5   | Found a blossoming altar of Fedhas.
 28385 | Lair:6   | Entered Level 6 of the Lair of Beasts
 28771 | Lair:6   | Learned a level 3 spell: Confusing Touch
 30259 | Lair:6   | Reached skill level 13 in Dodging
 30259 | Lair:6   | Reached XP level 14. HP: 79/79 MP: 2/29
 31241 | Lair:6   | Reached skill level 10 in Fighting
 32338 | D:5      | Found a bloodstained altar of Trog.
 33895 | D:12     | Found a staircase to the Orcish Mines.
 34123 | D:12     | Reached skill level 14 in Dodging
 34482 | D:12     | Reached skill level 15 in Stealth
 35475 | D:12     | Reached ***** piety under Ashenzari
 35745 | Orc:1    | Entered Level 1 of the Orcish Mines
 37539 | Orc:1    | Identified the +0 battleaxe of Defiance {flame, rCorr Int+3
                  | SInv}
 37539 | Orc:1    | Found the +5 sword of Power {vorpal}
 37540 | Orc:1    | Identified the +1 dagger of the Blowfly {vorpal, rF+}
 37749 | Orc:1    | Identified the +12 dagger of Ladef {freeze, Int+4}
 37785 | Orc:1    | Noticed a stone giant
 37844 | Orc:1    | Reached skill level 15 in Dodging
 38059 | Orc:1    | Identified the +5 eveningstar of Charity {freeze, Will+
                  | Str+3 Dex-2}
 38362 | Orc:1    | Killed a stone giant
 38744 | Orc:1    | Found a radiant altar of Vehumet.
 38784 | Orc:1    | Reached XP level 15. HP: 71/88 MP: 25/31
 39102 | Orc:2    | Entered Level 2 of the Orcish Mines
 39729 | Orc:2    | Reached skill level 16 in Dodging
 39929 | Orc:2    | Found a staircase to the Elven Halls.
 39931 | Orc:2    | Found Alokex's Weapon Shop.
 40182 | Orc:2    | Found Jemn's Distillery.
 40289 | Orc:2    | Found Wyikleosiw's Jewellery Boutique.
 40292 | Orc:2    | Found Mocaub's Weapon Shop.
 40638 | Orc:2    | Bought the amulet of Xanniptal {RegenMP Str+5 Dex+4} for
                  | 614 gold pieces
 40638 | Orc:2    | Bought the ring of Samp {Wiz Fly rN+ Slay+4} for 661 gold
                  | pieces
 40652 | Orc:2    | Learned a level 5 spell: Silence
 40745 | D:13     | Reached skill level 10 in Short Blades
 41042 | D:13     | Reached skill level 1 in Armour
 41042 | D:13     | Reached skill level 1 in Shields
 41734 | D:13     | Noticed Snorg
 41851 | D:13     | Killed Snorg
 42064 | D:13     | Found a gate to the Vaults.
 42560 | D:14     | Noticed Rupert
 42605 | D:14     | Killed Rupert
 43221 | D:15     | Entered Level 15 of the Dungeon
 43251 | D:15     | Reached skill level 5 in Shields
 43392 | D:15     | Reached XP level 16. HP: 95/95 MP: 29/32
 43650 | D:15     | Found a staircase to the Depths.
 44059 | D:15     | Found a blossoming altar of Fedhas.
 44070 | D:15     | Reached skill level 17 in Dodging
 44147 | D:15     | Learned a level 4 spell: Iskenderun's Mystic Blast
 44151 | D:15     | Learned a level 3 spell: Gell's Gravitas
 44396 | Snake:1  | Entered Level 1 of the Snake Pit
 44464 | Snake:1  | Noticed Donald
 44503 | Snake:1  | Reached skill level 1 in Transmutations
 44520 | Lair:4   | HP: 4/95 [poisoned by naga (concentrated venom)]
 45218 | Lair:4   | Killed Donald
 45451 | Snake:1  | Reached skill level 5 in Transmutations
 45506 | Snake:1  | Noticed Aizul
 45597 | Snake:1  | Killed from afar by a naga mage

Illustrated notes

Levels and vault maps discovered:
D:1:      sevenhm_arrival_forest_fort_small_6, layout_loops_cross, serial_shops,
          nicolae_square_shop, wander_ebering_terrifying_dragon_lair
D:2:      layout_loops_cross, uniq_robin, uniq_terence
D:3:      layout_basic, mainiacjoe_overflow_tiny_flanked,
          grunt_temple_overflow_gold_and_silver, chequers_serial_rivers_micro_e,
          guppyfry_early_orc_mine, uniq_jessica
D:4:      minmay_diamond_boxcup, layout_loops_ring,
          minmay_temple_entry_water_ring, sigmund_army
D:5:      layout_cave_pods, marbit_many_paths, nicolae_overflow_hidden_temple,
          serial_column_ruins, column_ruins_hut, column_ruins_grid_1,
          column_ruins_grid_1, column_ruins_grid_1, column_ruins_open_tiny,
          column_ruins_grid_2, serial_shops, shop, nicolae_ossuary_entry_plus
D:6:      layout_basic, nicolae_ru_great_annihilating_truth, serial_rivers,
          chequers_serial_rivers_large_b, chequers_serial_rivers_micro_c,
          chequers_serial_rivers_room_a, chequers_serial_rivers_small_3,
          serial_shops, shop, uniq_menkaure
D:7:      kennysheep_seaside_town, layout_basic, old_standard_altar
D:8:      cheibrodos_steamvent, layout_basic, feat_on_display
D:9:      layout_roguey, lair_entry_dummy, minivault_16, uniq_joseph,
          uniq_harold, uniq_maggie
D:10:     layout_grid_maze, riverfiend_overflow_shadow_ancestor
D:11:     layout_small_grid
D:12:     layout_cave_pools, david_orc_2, special_room [special_room_orc]
D:13:     layout_small_grid, ximxim_vaults_locker_room, uniq_snorg
D:14:     layout_irregular_city, minmay_staircase_statues, uniq_rupert
D:15:     hangedman_depths_entry_civil_slaughter, layout_basic,
          old_standard_altar, st_stairs_4
Temple:   cyrus_temple_forest
Lair:1:   layout_small_grid
Lair:2:   layout_roguey, maelrawn_ghost_gauntlet_escape, grunt_megastairs_3,
          uniq_gastronok
Lair:3:   layout_cave_pods, minmay_shoals_entry_hut, uniq_sonja
Lair:4:   layout_regular_city, minmay_snake_entry_six_corridors,
          ebering_ghost_funeral_grove
Lair:5:   layout_regular_city, dpeg_slime_entry_enclosed_altar, basic_altar
Lair:6:   grunt_lair_end_beastmaster, layout_gridlike
Snake:1:  layout_rooms, guppyfry_library_mini, uniq_donald, uniq_aizul
Orc:1:    giant_chief_lemuel, layout_caves, basic_altar
Orc:2:    st_orc_open, layout_caves

Skill      XL: |  1  2  3  4  5  6  7  8  9 10 11 12 13 14 15 16 |
---------------+-------------------------------------------------+-----
Conjurations   | 1 2 5 6 |  6.6
Stealth        | 4 6 7 9 10 13 15 | 15.7
Hexes          | 1 2 3 5 |  5.6
Fighting       | 8 9 11 12 | 12.0
Dodging        | 9 10 13 15 16 17 | 17.1
Fire Magic     | 3 4 7 8 |  8.0
Short Blades   | 7 9 10 | 10.0
Spellcasting   | 8 |  8.0
Evocations     | 4 7 8 |  8.2
Armour         | 3 |  3.0
Shields        | 5 |  5.0
Transmutations | 6 |  6.2

Action                   |  1- 3 |  4- 6 |  7- 9 | 10-12 | 13-15 | 16-18 || total
-------------------------+-------+-------+-------+-------+-------+-------++-------
Melee: Dagger            |    17 |     9 |    63 |   512 |  1369 |   108 ||  2078
       Unarmed           |       |     4 |       |       |       |       ||     4
       Trident           |       |     3 |       |       |       |       ||     3
       Short sword       |       |       |    49 |       |       |       ||    49
       Punch             |       |       |       |       |     2 |       ||     2
 Fire: Hunting sling     |       |    12 |   226 |       |       |       ||   238
       Shortbow          |       |       |    51 |       |       |       ||    51
Throw: Dart              |       |       |    14 |    88 |   283 |     9 ||   394
       Stone             |       |       |     1 |       |     7 |       ||     8
 Cast: Foxfire           |    62 |    80 |   123 |   113 |    57 |     8 ||   443
       Inner Flame       |       |     2 |    65 |    43 |    22 |     9 ||   141
       Dazzling Flash    |       |       |    10 |    23 |    74 |    25 ||   132
       Sticky Flame      |       |       |       |    27 |    57 |    10 ||    94
       Fireball          |       |       |       |     6 |    60 |    22 ||    88
       Confusing Touch   |       |       |       |       |     2 |     2 ||     4
       Iskenderun's Myst |       |       |       |       |       |    11 ||    11
Invok: Curse Item        |       |       |     2 |     2 |     6 |       ||    10
       Shatter the Chain |       |       |       |     1 |     4 |       ||     5
Evoke: Wand              |       |       |     1 |    10 |     5 |       ||    16
       Lightning rod     |       |       |       |       |     2 |       ||     2
  Use: Scroll            |       |     2 |    11 |     3 |     4 |     1 ||    21
       Potion            |       |     1 |       |     4 |       |     4 ||     9
 Stab: Sleeping          |     2 |     1 |     2 |    26 |    30 |     4 ||    65
       Invisible         |       |       |     7 |     6 |    54 |    11 ||    78
       Distracted        |       |       |     1 |       |     6 |       ||     7
       Confused          |       |       |       |       |     1 |       ||     1
Armor: Robe              |     7 |     5 |    14 |    10 |       |       ||    36
       Skin              |       |     1 |       |       |       |       ||     1
       Steam dragon scal |       |       |       |    27 |   101 |       ||   128
       Troll leather arm |       |       |       |       |     2 |     8 ||    10
Dodge: Dodged            |    21 |    24 |   220 |   535 |  1160 |   102 ||  2062
Block: Buckler           |       |       |       |       |    27 |    35 ||    62
